 Dungeon Crawl Stone Soup version 0.19-a0-997-gd62de01 (webtiles) character file.

357 Sixotanaka the Slasher (level 6, 0/58 HPs)
             Began as a High Elf Skald on July 17, 2016.
             Succumbed to Blork the orc's poison
             ... on level 4 of the Dungeon.
             The game lasted 00:07:26 (4311 turns).

Sixotanaka the Slasher (High Elf Skald)             Turns: 4311, Time: 00:07:26

Health: 0/58       AC: 23    Str: 11    XL:     6   Next: 37%
Magic:  3/10       EV:  2    Int: 17    God:
Gold:   183        SH:  0    Dex: 16    Spells: 3 memorised, 3 levels left

rFire  . . .     SeeInvis .     a - +0 falchion
rCold  . . .     Gourm    .     (armour currently unavailable)
rNeg   + + +     Faith    .     (no shield)
rPois  +         Spirit   .     (helmet currently unavailable)
rElec  .         Dismiss  .     (cloak currently unavailable)
rCorr  .         Reflect  .     (gloves currently unavailable)
SustAt .         Harm     .     (boots currently unavailable)
MR     .....     NoTele   +     (no amulet)
Stlth  +.........               (no ring)
                                (no ring)

@: lethally poisoned (0 -> -12), tree-form, very slightly contaminated, not
resistant to hostile enchantments, very unstealthy
A: (large bone plates 0), screaming 1, (shaggy fur 0)
a: no special abilities


You were on level 4 of the Dungeon.
You were hungry.
You were a tree.
You visited 1 branch of the dungeon, and saw 4 of its levels.

You collected 183 gold pieces.


Innate Abilities, Weirdness & Mutations

((You are partially covered in large bone plates. (AC +2, SH +2)))
You occasionally shout uncontrollably at your foes.
((You are covered in fur. (AC +1)))


   Skills:
 - Level 2.0 Fighting
 * Level 7.0 Long Blades
 - Level 0.8 Armour
 - Level 1.1 Dodging
 - Level 2.4 Spellcasting
 + Level 5.6 Charms


You had 3 spell levels left.
You knew the following spells:

 Your Spells              Type           Power        Failure   Level  Hunger
a - Shroud of Golubria    Chrm/Tloc      ##........   12%         2    ##.....
c - Spectral Weapon       Hex/Chrm       ##......     21%         3    ###....
z - Infusion              Chrm           ###.         1%          1    #......


Dungeon Overview and Level Annotations

Branches:
Dungeon (4/15)
 Temple: D:4-7

Altars:
Xom

Inventory:

Hand Weapons
 a - a +0 falchion (weapon)
Missiles
 l - 41 poisoned needles
 x - a tomahawk (quivered)
Armour
 b - a +0 leather armour (melded)
 q - a +1 cloak (melded)
   (You found it on level 2 of the Dungeon)
Wands
 w - a wand of flame (20/48)
   (You found it on level 4 of the Dungeon)
Scrolls
 e - a scroll of magic mapping {unknown}
 f - a scroll of immolation {unknown}
 g - a scroll of enchant weapon {unknown}
 i - 3 scrolls of identify {unknown}
 j - 3 scrolls of teleportation {unknown}
 n - 2 scrolls of amnesia {unknown}
 o - a scroll of noise {unknown}
 r - a scroll of fog {unknown}
 s - 2 scrolls of remove curse {unknown}
Potions
 h - a potion of mutation {!q}
 k - a potion of lignification {!q}
Books
 c - a book of Battle
Comestibles
 d - 4 bread rations {@e1}
 m - 4 chunks of flesh
 t - a slice of pizza
 u - a beef jerky
 v - 3 fruits

## ### #.# ####.# #.#
#....# #.# #.##.#
#.#############
#.##.##.###..........#
#.##........########.#
####### #.##(♣####..#
#.# #.....# #.##)##
##.# #.# ##.....#
#.##.# #.# #.#
.......#####.##.# #.#
#.# .......'......#(#
#.# #.#
.......########(# #.#
#.# ............>.#(#
#.# #.....#
#.##..#.......#.# #.#
#...... #.##..#.......
..#......#..


You could see a friendly spectral falchion.


Message History

It was a potion of lignification.
You turn into a tree.
Your +1 cloak melds into your body.
Your +0 leather armour melds into your body.
Your roots penetrate the ground.
* * * LOW HITPOINT WARNING * * *
You feel sick.
Blork the orc hits you but does no damage.
You are more poisoned.
Unknown command.
Okay, then.
You hit Blork the orc but do no damage.
* * * LOW HITPOINT WARNING * * *
You feel sick.
Your spectral weapon hits Blork the orc.
Blork the orc hits you but does no damage.
Unknown command.
You hit Blork the orc.
* * * LOW HITPOINT WARNING * * *
You feel very sick.
Your spectral weapon barely misses Blork the orc.
Blork the orc casts a spell at you. The magic dart hits you!
Unknown command.
You barely miss Blork the orc.
* * * LOW HITPOINT WARNING * * *
You feel sick.
Your spectral weapon hits Blork the orc!
You kill Blork the orc!
Your Long Blades skill increases to level 7!
Unknown command.
You are feeling hungry.
* * * LOW HITPOINT WARNING * * *
You feel sick.
* * * LOW HITPOINT WARNING * * *
You feel sick.
It was a potion of mutation.
You feel extremely strange.
You feel the urge to shout. Fur sprouts all over your body.
Large bone plates grow over parts of your arms.
* * * LOW HITPOINT WARNING * * *
You feel sick.
It was a potion of flight.
Your roots keep you in place.
* * * LOW HITPOINT WARNING * * *
You feel sick.
* * * LOW HITPOINT WARNING * * *
You feel sick.
You are no longer glowing.
* * * LOW HITPOINT WARNING * * *
You feel sick.
You hear a distant slurping noise.
You die...

Vault maps used:
D:1:      lemuel_arrival_hallway, corexii_leaking_fountain,
          minmay_misc_feat_square, minmay_misc_feat_iff, minmay_lizard_king
D:2:      st_stairs_1
D:4:      old_standard_altar, nicolae_overflow_hidden_temple, first_bread,
          sigmund_edmund_badplayer, uniq_duvessa, uniq_blork_the_orc

Vanquished Creatures
  Blork the orc (D:4)
  2 hounds (D:4)
  An iguana (D:4)
  A worker ant (D:4)
  6 adders
  3 oozes (D:2)
  5 worms
  2 dart slugs
  9 giant geckos
  2 orcs
  2 ball pythons
  7 bats
  3 goblins
  9 hobgoblins
  12 jackals
  3 quokkas
  11 giant newts
  A jackal skeleton (D:3)
  4 kobolds (D:2)
  5 rats
89 creatures vanquished.

Table legend:
 A = Turns spent in this place as a percentage of turns spent in the entire game.
 B = Non-inter-level travel turns spent in this place as a percentage of non-inter-level travel turns spent in the entire game.
 C = Inter-level travel turns spent in this place as a percentage of turns spent in this place.
 D = Turns resting spent in this place as a percentage of non-inter-level travel turns spent in this place.
 E = Turns spent auto-exploring this place as a percentage of non-inter-level travel turns spent in this place.
 F = Non-inter-level travel turns spent in this place divided by the number of levels of this place that you've seen.
                   A       B       C       D       E      F
               +-------+-------+-------+-------+-------+----------------------
         Total | 100.0 | 100.0 |   0.6 |   8.4 |  17.6 | 244.8
       Dungeon | 100.0 | 100.0 |   0.6 |   8.4 |  17.6 | 244.8
               +-------+-------+-------+-------+-------+----------------------

Table legend:
 A = Kills in this place as a percentage of kills in entire the game.
 B = Kills by you in this place as a percentage of kills by you in the entire game.
 C = Kills by friends in this place as a percentage of kills by friends in the entire game.
 D = Other kills in this place as a percentage of other kills in the entire game.
 E = Experience gained in this place as a percentage of experience gained in the entire game.
 F = Experience gained in this place divided by the number of levels of this place that you have seen.
                   A       B       C       D       E      F
               +-------+-------+-------+-------+-------+----------------------
         Total | 100.0 | 100.0 |  -nan |  -nan | 100.0 | 127.8
       Dungeon | 100.0 | 100.0 |  -nan |  -nan | 100.0 | 127.8
               +-------+-------+-------+-------+-------+----------------------

Notes
Turn   | Place    | Note
-------+----------+-------------------------------------------
     0 | D:1      | Sixotanaka the High Elf Skald began the quest for the Orb.
     0 | D:1      | Reached XP level 1. HP: 14/14 MP: 4/4
   182 | D:1      | Reached skill level 3 in Long Blades
   223 | D:1      | Reached XP level 2. HP: 16/19 MP: 6/6
   386 | D:1      | Learned a level 2 spell: Shroud of Golubria
   862 | D:2      | Reached skill level 4 in Long Blades
  1349 | D:2      | Reached XP level 3. HP: 24/24 MP: 7/7
  1463 | D:2      | Learned a level 3 spell: Spectral Weapon
  1891 | D:2      | Reached skill level 5 in Long Blades
  1957 | D:2      | Reached skill level 4 in Charms
  1957 | D:2      | Reached XP level 4. HP: 14/29 MP: 0/8
  3342 | D:3      | Reached XP level 5. HP: 33/34 MP: 2/9
  3898 | D:4      | Reached skill level 6 in Long Blades
  3898 | D:4      | Reached skill level 5 in Charms
  3925 | D:4      | Found a shimmering altar of Xom.
  4030 | D:4      | Reached XP level 6. HP: 30/39 MP: 6/10
  4286 | D:4      | Noticed Blork the orc
  4302 | D:4      | HP: 13/58 [poisoned by Blork the orc]
  4304 | D:4      | Killed Blork the orc
  4304 | D:4      | Reached skill level 7 in Long Blades
  4306 | D:4      | HP: 6/58 [poisoned by Blork the orc]
  4307 | D:4      | Gained mutation: You occasionally shout uncontrollably at your foes. [potion of mutation]
  4307 | D:4      | Gained mutation: You are covered in fur. (AC +1) [potion of mutation]
  4307 | D:4      | Gained mutation: You are partially covered in large bone plates. (AC +2, SH +2) [potion of mutation]
  4310 | D:4      | HP: 2/58 [poisoned by Blork the orc]
  4311 | D:4      | Succumbed to Blork the orc's poison

Action                   |  1- 3 |  4- 6 || total
-------------------------+-------+-------++-------
Melee: Falchion          |   148 |   188 ||   336
Throw: Tomahawk          |       |     3 ||     3
 Cast: Infusion          |     5 |     9 ||    14
       Shroud of Golubri |     4 |     5 ||     9
       Spectral Weapon   |       |     8 ||     8
  Use: Potion            |       |     3 ||     3
 Stab: Distracted        |       |     1 ||     1
  Eat: Chunk             |     4 |     7 ||    11
       Pizza             |       |     1 ||     1
Armor: Leather armour    |    20 |    38 ||    58
       Skin              |       |     3 ||     3
Dodge: Dodged            |    62 |    92 ||   154
